Map: Lightshade LE

Players

ViBE - Winner!

  • Race: Protoss Protoss
  • League: Silver
  • Spawn Location: 11:00

Daarin

  • Race: Zerg Zerg
  • League: Master
  • Spawn Location: 5:00

VOD

https://youtu.be/lYIbd1_pE38?list=PLFeZeom2b4DnD3FIu7pzkXl51JX_WWz2h&t=5720

Description

PvZ early attack wall block

Time

  • Played on: March 13, 2021, 7:21 p.m.
  • Length: 17:03
Show
View Real Time Build Order
Export as new Build Order

ViBE Protoss - Winner!

Build Orders:  

Get SALT Encoding   

  12  0:00  Probe  
  13  0:13  Probe  
  14  0:25  Probe  
  15  0:35  Pylon  
  15  0:53  Probe  
  16  1:00  Gateway  
  16  1:07  Probe  
  17  1:20  Nexus  
  17  1:22  Probe (Chrono Boost)  
  19  1:34  Probe (Chrono Boost), Assimilator  
  19  1:39  Probe (Chrono Boost)  
  20  1:48  Probe  
  21  2:00  Probe  
  22  2:01  Cybernetics Core  
  22  2:05  Assimilator  
  22  2:11  Pylon  
  22  2:12  Probe  
  23  2:29  Probe  
  24  2:37  Probe  
  24  2:38  Stalker  
  24  2:39  Warp Gate  
  24  2:41  Probe  
  28  2:49  Probe  
  29  2:53  Probe  
  29  2:55  Gateway  
  30  3:00  Robotics Facility  
  30  3:01  Probe  
  31  3:05  Probe  
  32  3:13  Probe  
  32  3:18  Probe (Chrono Boost)  
  34  3:22  Stalker  
  34  3:25  Probe (Chrono Boost)  
  37  3:30  Probe (Chrono Boost)  
  39  3:35  Probe (Chrono Boost)  
  39  3:37  Probe (Chrono Boost)  
  40  3:41  Probe  
  40  3:44  Probe  
  42  3:49  Observer  
  42  3:51  Stalker  
  42  3:53  Probe  
  46  3:56  Pylon  
  46  4:00  Pylon  
  46  4:07  Pylon  
  46  4:10  Pylon  
  46  4:14  Stalker, Probe x2  
  46  4:16  Nexus  
  50  4:19  Pylon  
  50  4:22  Pylon, Immortal  
  54  4:26  Probe x2  
  56  4:36  Stalker  
  58  4:39  Probe  
  58  4:40  Probe  
  58  4:42  Assimilator  
  58  4:44  Assimilator  
  60  4:52  Stalker  
  62  5:11  Probe x2  
  64  5:14  Immortal  
  64  5:16  Stalker x2  
  72  5:23  Probe (Chrono Boost)  
  72  5:24  Probe (Chrono Boost)  
  74  5:35  Probe (Chrono Boost)  
  76  5:37  Probe x2 (Chrono Boost)  
  76  5:40  Probe (Chrono Boost)  
  76  5:42  Probe (Chrono Boost)  
  78  5:45  Probe (Chrono Boost)  
  78  5:49  Stalker x2  
  85  5:50  Probe (Chrono Boost)  
  85  5:53  Immortal  
  90  5:57  Probe (Chrono Boost)  
  90  6:01  Gateway  
  90  6:04  Gateway  
  90  6:06  Gateway  
  90  6:12  Probe  
  90  6:13  Probe x2  
  90  6:15  Gateway  
  93  6:23  Stalker x2  
  95  6:27  Probe x2 (Chrono Boost)  
  95  6:28  Probe (Chrono Boost)  
  95  6:33  Immortal  
  95  6:38  Probe (Chrono Boost)  
  95  6:39  Probe x2 (Chrono Boost)  
  102  6:43  Pylon, Probe x3 (Chrono Boost)  
  102  6:46  Pylon  
  105  6:50  Twilight Council  
  105  6:52  Forge x2  
  105  6:57  Probe x3  
  105  7:00  Assimilator x2  
  108  7:15  Nexus  
  108  7:18  Pylon  
  108  7:21  Pylon  
  108  7:22  Probe x3  
  111  7:35  Probe x3  
  114  7:46  Stalker x2  
  114  7:47  Stalker, Probe x3  
  114  7:48  Stalker x2  
  114  7:50  Immortal  
  131  7:58  Gateway x2  
  131  8:02  Gateway  
  131  8:06  Gateway  
  131  8:08  Protoss Shields Level 1 (Chrono Boost), Protoss Ground Weapons Level 1 (Chrono Boost)  
  128  8:18  Templar Archives, Probe x3  
  118  8:30  Probe x3  
  118  8:31  Probe  
  118  8:32  Stalker  
  118  8:33  Stalker  
  122  8:34  Stalker  
  122  8:35  Stalker  
  122  8:37  Stalker  
  122  8:38  Immortal  
  128  8:42  Probe x2  
  124  8:54  Assimilator  
  124  8:56  Assimilator  
  104  9:08  Immortal, Stalker x2  
  104  9:09  Stalker x2  
  104  9:10  Stalker x2  
  104  9:11  Stalker x2  
  104  9:12  Stalker  
  117  9:28  Probe x3  
  117  9:29  Probe  
  107  9:33  Stalker  
  107  9:34  Stalker  
  107  9:35  Stalker x2  
  107  9:36  Stalker  
  111  9:40  Nexus  
  111  9:44  Pylon  
  111  9:45  Pylon  
  101  9:47  Immortal  
  101  9:50  Probe  
  101  9:51  Probe x2  
  101  9:52  Probe  
  106  10:02  High Templar  
  106  10:03  High Templar, Probe x3  
  106  10:04  High Templar  
  106  10:05  High Templar  
  106  10:06  Protoss Shields Level 2, Stalker, Protoss Ground Weapons Level 2  
  115  10:09  Archon x2  
  115  10:23  Immortal (Chrono Boost)  
  115  10:24  Pylon  
  119  10:28  Pylon  
  119  10:40  Stalker x2  
  119  10:41  Stalker  
  119  10:42  Stalker x2  
  127  10:43  Stalker  
  127  10:47  Stalker x2  
  127  10:48  Stalker x2  
  127  10:49  Stalker  
  125  10:54  Pylon  
  125  10:55  Pylon  
  105  11:05  Gateway  
  105  11:06  Immortal (Chrono Boost)  
  105  11:07  Gateway  
  105  11:08  Gateway  
  105  11:10  Gateway  
  98  11:12  Stalker x2, Gateway  
  98  11:13  Stalker x2, Gateway  
  98  11:14  Stalker  
  98  11:15  Stalker  
  98  11:16  Stalker  
  109  11:20  Probe  
  109  11:21  Probe x4  
  103  11:32  Probe  
  103  11:33  Probe x4  
  107  11:42  Assimilator  
  107  11:43  Assimilator  
  107  11:44  Probe  
  107  11:45  Probe x2  
  107  11:46  Stalker x2  
  114  11:47  Stalker  
  114  11:48  Stalker x2  
  114  11:49  Stalker x2  
  114  11:51  Immortal  
  128  11:58  Pylon  
  128  12:06  Probe x4  
  128  12:08  Probe  
  133  12:13  Stalker x2  
  133  12:14  Stalker  
  133  12:15  Stalker x2  
  143  12:16  Stalker x2  
  143  12:17  Stalker x2  
  143  12:18  Stalker x2, Probe  
  143  12:19  Stalker x2  
  160  12:30  Immortal  
  164  12:55  Protoss Ground Weapons Level 3  
  164  12:56  High Templar x2  
  164  12:57  High Templar x2, Nexus  
  172  12:58  High Templar x2, Protoss Shields Level 3  
  172  12:59  High Templar x2  
  172  13:00  High Templar x2  
  172  13:01  Pylon  
  172  13:03  Archon, Pylon  
  172  13:04  Archon x4  
  184  13:06  Stalker  
  186  13:16  Immortal (Chrono Boost)  
  190  13:36  Stalker  
  190  13:37  Stalker x2  
  190  13:38  Stalker x2  
  195  13:53  Robotics Facility  
  193  13:55  Gateway  
  193  13:58  Gateway  
  193  14:00  Gateway  
  193  14:01  Gateway, Probe  
  172  14:07  Gateway  
  162  14:13  Gateway  
  162  14:15  Gateway  
  162  14:16  Gateway x2  
  162  14:19  Pylon  
  162  14:23  Observer  
  163  14:30  Stalker  
  163  14:31  Stalker x2  
  157  14:32  Stalker x2  
  157  14:33  Stalker x3  
  157  14:34  Stalker x2  
  157  14:35  Stalker  
  151  15:24  Stalker  
  151  15:25  Stalker x2  
  151  15:26  Stalker x2  
  151  15:27  Stalker x3  
  151  15:28  Stalker x2  
  153  15:29  Stalker x3  
  153  15:30  Stalker x3  
  153  15:31  Nexus, Stalker x2  
  153  15:32  Immortal (Chrono Boost), Stalker x2  
  153  15:33  Immortal (Chrono Boost), Stalker  
  153  15:34  Pylon  
  175  15:37  Pylon  
  173  15:51  High Templar x2  
  173  15:52  High Templar x2  
  173  15:53  High Templar x3  
  173  15:54  High Templar x3  
  173  15:55  High Templar x2  
  195  16:04  Archon x2  
  195  16:05  Archon x4  
  195  16:07  Stalker x2  
  195  16:10  Assimilator x2  
Show
View Real Time Build Order
Export as new Build Order

Daarin Zerg 

Build Orders: Hatch First 

Get SALT Encoding   

  12  0:02  Drone  
  13  0:09  Drone  
  14  0:16  Overlord  
  14  0:45  Drone  
  14  0:47  Hatchery  
  14  0:53  Drone x2  
  16  0:58  Drone  
  17  1:13  Spawning Pool  
  17  1:17  Drone  
  17  1:24  Drone  
  18  1:29  Drone  
  18  1:32  Extractor  
  18  1:41  Drone  
  19  1:51  Overlord  
  19  2:00  Queen  
  21  2:01  Queen  
  21  2:06  Drone x2  
  25  2:24  Zergling x4  
  25  2:29  Drone x2  
  29  2:40  Queen  
  29  2:42  Queen  
  33  2:44  Drone  
  33  2:45  Drone x2  
  33  2:49  Overlord  
  36  3:10  Drone  
  36  3:11  Drone x6  
  43  3:29  Roach Warren  
  43  3:30  Drone x2  
  44  3:35  Extractor  
  43  3:43  Overlord  
  43  3:44  Overlord  
  43  4:01  Queen x2  
  43  4:02  Hatchery  
  46  4:18  Drone  
  46  4:19  Drone x6  
  53  4:35  Zergling x2  
  53  4:36  Overlord x3  
  54  4:56  Extractor x2  
  52  5:03  Evolution Chamber  
  51  5:08  Overlord x2  
  51  5:09  Roach, Overlord  
  51  5:10  Roach x2  
  51  5:11  Drone  
  58  5:37  Zergling x10  
  58  5:38  Zergling x8  
  58  5:39  Roach x2  
  71  5:48  Zerg Melee Weapons Level 1  
  71  5:51  Lair  
  71  5:52  Queen  
  71  5:55  Drone x2  
  71  5:56  Drone  
  77  5:57  Drone  
  77  6:01  Metabolic Boost  
  77  6:06  Drone x6  
  77  6:10  Drone x2  
  82  6:37  Roach x2  
  82  6:38  Roach x3, Overlord  
  82  6:39  Overlord x2  
  91  6:40  Zergling x2  
  91  6:41  Zergling x2  
  93  6:58  Drone x4  
  97  7:03  Glial Reconstitution  
  97  7:18  Evolution Chamber  
  97  7:21  Queen  
  97  7:22  Queen  
  100  7:24  Extractor  
  100  7:25  Extractor  
  100  7:27  Zergling x12  
  100  7:28  Roach x3  
  110  7:51  Hatchery  
  110  7:53  Zerg Melee Weapons Level 2  
  110  7:54  Zerg Missile Weapons Level 1  
  109  8:05  Hydralisk Den  
  103  8:13  Ravager x6  
  103  8:14  Ravager x5  
  108  8:21  Roach x2  
  108  8:22  Roach x6  
  108  8:23  Zergling x12, Overlord x2  
  108  8:24  Overlord x2  
  118  9:02  Zergling x6  
  111  9:03  Zergling x10  
  111  9:04  Roach  
  111  9:29  Roach  
  111  9:30  Roach x4, Overlord x3, Zergling x6  
  111  9:31  Overlord  
  99  9:44  Grooved Spines  
  99  9:45  Infestation Pit  
  96  9:48  Zerg Ground Armor Level 1  
  96  9:51  Queen  
  98  9:58  Zergling x4  
  98  9:59  Zergling x4, Roach x3  
  103  10:13  Ravager x2  
  103  10:14  Ravager x3  
  108  10:18  Zerg Missile Weapons Level 2  
  108  10:23  Drone  
  108  10:24  Drone x8  
  108  10:27  Extractor  
  116  10:30  Extractor  
  100  11:01  Roach  
  100  11:02  Roach x7  
  100  11:03  Zergling x2  
  107  11:21  Zergling x6  
  94  11:43  Drone x4  
  94  11:44  Drone x2  
  100  11:57  Hatchery  
  99  12:20  Hydralisk, Roach x4  
  99  12:21  Hydralisk x7, Roach x3  
  129  12:23  Roach x3  
  129  12:24  Zergling x6  
  129  12:28  Hive  
  138  12:32  Pneumatized Carapace  
  138  12:43  Ravager  
  138  12:44  Ravager x8  
  144  12:45  Ravager x3  
  150  12:56  Muscular Augments  
  150  13:02  Drone x5  
  150  13:04  Drone  
  150  13:05  Drone x5  
  161  13:09  Drone x3  
  129  14:09  Roach x7  
  142  14:10  Roach x7, Zergling x2  
  142  14:11  Zergling x4  
  148  14:19  Zergling x8  
  144  14:34  Ravager x2  
  144  14:35  Ravager x10  
  144  14:36  Ravager x2  
  158  14:44  Queen  
  160  15:05  Extractor  
  160  15:06  Roach x5  
  171  15:07  Extractor, Roach x5  
  171  15:08  Hydralisk x4, Roach  
  115  16:13  Extractor  
  114  16:24  Hatchery  
  114  16:25  Zergling x8  
  119  16:26  Zergling x2, Roach x5  
  119  16:27  Roach x5  
Tags
 
Matchup
PvZ
Player
ViBE
Spawn Locations
Cross Positions
Add a new tag
Caveats
  • Supply blocks, unpowered buildings, or Contaminate may cause inaccurate times.
  • Supply counts are checked every 10 seconds.